 Dungeon Crawl Stone Soup version 0.27.1-1-g398f81649c (webtiles) character file.

Game seed: 13719330139344946942

183 ZARRMARR the Sneak (level 5, -7/36 HPs)
             Began as an Octopode Brigand on Sept 9, 2021.
             Mangled by an orc priest (9 damage)
             ... on level 3 of the Dungeon.
             The game lasted 00:05:13 (3079 turns).

ZARRMARR the Sneak (Octopode Brigand)               Turns: 3079, Time: 00:05:14

Health: -7/36      AC:  1    Str: 10    XL:     5   Next: 62%
Magic:  5/5        EV: 13    Int: 14    God:
Gold:   49         SH:  0    Dex: 14    Spells: 4/4 levels left

rFire    . . .     SeeInvis .   a - +2 dagger
rCold    . . .     Faith    .   (no shield)
rNeg     . . .     Spirit   .   (helmet restricted)
rPois    .         Reflect  .   (no amulet)
rElec    .         Harm     .   (no ring)
rCorr    .         Rampage  .   (no ring)
Will     .....                  (no ring)
Stlth    ++++......             (no ring)
HPRegen  0.12/turn              (no ring)
MPRegen  0.09/turn              (no ring)
                                (no ring)
                                (no ring)

@: no status effects
A: almost no armour, amphibious, 8 rings, camouflage 1, gelatinous body 1,
(nimble swimmer 1), tentacles
a: no special abilities


You were on level 3 of the Dungeon.
You visited 1 branch of the dungeon, and saw 3 of its levels.

You collected 49 gold pieces.

Inventory:

Hand Weapons
 a - a +2 dagger (weapon)
Missiles
 b - 8 poisoned darts (quivered)
 c - 2 curare-tipped darts
Wands
 f - a wand of iceblast (9)
Scrolls
 d - a scroll of fog
 i - a scroll of teleportation
 j - a scroll of torment {unknown}
 k - a scroll of enchant armour {unknown}
Potions
 e - 3 potions of heal wounds {unknown}
 g - 3 potions of berserk rage {unknown}
 h - 3 potions of lignification {unknown}


   Skills:
 + Level 3.2 Fighting
 + Level 3.3 Short Blades
 - Level 2.0 Throwing
 + Level 2.7 Dodging
 + Level 6.5 Stealth


You had 4 spell levels left.
You didn't know any spells.
Your spell library contained the following spells:

 Spells                   Type           Power      Damage    Failure   Level
 Corpse Rot               Necr/Air       N/A        N/A       41%         2
 Poisonous Vapours        Pois/Air       0%         N/A       41%         2
 Summon Guardian Golem    Hex/Summ       0%         N/A       65%         3
 Freezing Cloud           Conj/Ice/Air   0%         6-21      100%        5
 Orb of Destruction       Conj           0%         N/A       100%        7
 Spellforged Servitor     Conj/Summ      0%         N/A       100%        7


Dungeon Overview and Level Annotations

Branches:
Dungeon (3/15)

Altars:

Annotations:
D:3 Ijyb


Innate Abilities, Weirdness & Mutations

You cannot wear most types of armour.
You are amphibious.
You can wear up to eight rings at the same time.
Your skin changes colour to match your surroundings (Stealth+).
Your rubbery body absorbs attacks. (AC +1, EV +1)
((You are camouflaged near water. (Stealth+)))
You have tentacles for arms and can constrict up to eight enemies at once.


Message History

You hit the orc.
You kill the orc!
You hit the giant cockroach but do no damage.
You grab the giant cockroach.
You constrict the giant cockroach, but do no damage.
The giant cockroach bites you.
You hit the giant cockroach.
The giant cockroach is heavily wounded.
You constrict the giant cockroach. The giant cockroach closely misses you.
You hit the giant cockroach.
The giant cockroach is severely wounded.
You constrict the giant cockroach. The giant cockroach closely misses you.
You hit the giant cockroach but do no damage.
The giant cockroach is almost dead.
You constrict the giant cockroach.
You kill the giant cockroach!
You hit the giant cockroach. Your grab misses the giant cockroach.
The giant cockroach is severely wounded.
The giant cockroach bites you.
You hit the giant cockroach.
You kill the giant cockroach!
Things that are here:
a +0 club; a giant cockroach corpse You start resting.
An orc priest is nearby!
Things that are here:
a +0 whip; a +0 leather armour; an orc corpse You hit the orc priest but do no damage.
You grab the orc priest.
You constrict the orc priest, but do no damage.
The orc priest hits you with a +0 morningstar!
You hit the orc priest but do no damage.
You constrict the orc priest.
The orc priest hits you with a +0 morningstar!
* * * LOW HITPOINT WARNING * * *
You hit the orc priest but do no damage.
The orc priest is lightly wounded.
You constrict the orc priest, but do no damage.
The orc priest hits you with a +0 morningstar!
You die...

.......B#.####......#
..g....##..###)###....
#[..... ##..##)# .#.
#####.. ##.##.### #
... #......## ### #..B
###..#..#...##. ....
##...##........
#....##......####..#.
#.....o@.#...........
#....##..###.######.#
#... #.## #.# . #..
#.# #.# # . #.# #.#
#.# #.# ..# #.### .##
#...# ###.##


You could see an orc priest.

Vanquished Creatures
  An orc priest (D:3)
  Natasha (thrice) (D:2)
  An adder (D:2)
  A worm (D:3)
  6 orcs
  6 ball pythons
  4 endoplasms
  3 giant cockroaches
  7 goblins
  7 hobgoblins
  2 jackals (D:2)
  6 bats
  3 frilled lizards
  7 kobolds
  2 rats
59 creatures vanquished.

Notes
Turn   | Place    | Note
-------+----------+-------------------------------------------
     0 | D:1      | ZARRMARR the Octopode Brigand began the quest for the Orb.
     0 | D:1      | Reached XP level 1. HP: 14/14 MP: 1/1
   393 | D:1      | Reached XP level 2. HP: 19/19 MP: 2/2
   973 | D:1      | Reached XP level 3. HP: 25/25 MP: 3/3
  1642 | D:2      | Noticed Natasha
  1649 | D:2      | Killed Natasha
  1650 | D:2      | Reached skill level 6 in Stealth
  1650 | D:2      | Reached XP level 4. HP: 30/30 MP: 4/4
  1666 | D:2      | Noticed Natasha
  1674 | D:2      | Killed Natasha
  2023 | D:2      | Found a faded altar of an unknown god.
  2054 | D:2      | Noticed Natasha
  2058 | D:2      | Killed Natasha
  2059 | D:2      | Reached XP level 5. HP: 36/36 MP: 5/5
  2981 | D:3      | Noticed Ijyb
  3079 | D:3      | Mangled by an orc priest

Illustrated notes

Levels and vault maps discovered:
D:1:      arrival_zaba_pyramid, layout_basic
D:2:      layout_rooms, hellmonk_ecumenical_altar_inner_sanctum, uniq_natasha
D:3:      layout_rooms, serial_bayou_lagoon_a, serial_bayou_pond_b, uniq_ijyb

Skill      XL: |  1  2  3  4 |
---------------+-------------+-----
Dodging        | 2 |  2.7
Stealth        | 6 |  6.5
Fighting       | 3 |  3.2
Short Blades   | 3 |  3.3
Throwing       | |  2.0

Action                   |  1- 3 |  4- 6 || total
-------------------------+-------+-------++-------
Melee: Dagger            |    69 |    57 ||   126
       Tentacles         |     7 |     7 ||    14
       Constrict         |    13 |    12 ||    25
  Use: Scroll            |       |     2 ||     2
 Stab: Sleeping          |    13 |     5 ||    18
       Distracted        |       |     1 ||     1
Armor: Skin              |     9 |       ||     9
Dodge: Dodged            |    32 |    21 ||    53
